 Dungeon Crawl Stone Soup version 0.23.1 (webtiles) character file.

Game seed: 9621144696127364850

18 Borgoz the Sneak (level 2, -1/20 HPs)
             Began as a Ghoul Enchanter on Mar 14, 2019.
             Slain by a hobgoblin (4 damage)
             ... on level 1 of the Dungeon.
             The game lasted 00:00:58 (364 turns).

Borgoz the Sneak (Ghoul Enchanter)                   Turns: 364, Time: 00:00:58

Health: -1/20      AC:  2    Str: 16    XL:     2   Next: 66%
Magic:  4/4        EV: 12    Int: 15    God:
Gold:   21         SH:  0    Dex:  9    Spells: 4/5 levels left

rFire    . . .     SeeInvis .   a - +1 dagger
rCold    + . .     Gourm    .   (no shield)
rNeg     + + +     Faith    .   b - +0 robe
rPois    ∞         Spirit   .   (no helmet)
rElec    .         Reflect  .   (no cloak)
rCorr    .         Harm     .   (no gloves)
MR       .....                  (no boots)
Stlth    ++........             (no amulet)
HPRegen  0.00/turn              (no ring)
MPRegen  0.09/turn              (no ring)

@: mighty, brilliant, rotting
A: rotting body, claws 1, carnivore, cold resistance 1, negative energy
resistance 3, inhibited regeneration, torment resistance, unbreathing
a: no special abilities


You were on level 1 of the Dungeon.
You were not hungry.

You visited 1 branch of the dungeon, and saw 1 of its levels.

You collected 21 gold pieces.

Inventory:

Hand Weapons
 a - a +1 dagger (weapon)
Armour
 b - a +0 robe (worn)
Scrolls
 e - a scroll of identify {unknown}
 h - a scroll of magic mapping {unknown}
 i - a scroll of teleportation {unknown}
 k - a scroll of fog {unknown}
Potions
 j - a potion of resistance {unknown}
Comestibles
 c - 3 chunks of flesh
 d - a ration


   Skills:
 + Level 0.1 Fighting
 + Level 1.0 Short Blades
 + Level 1.9 Dodging
 + Level 3.7 Stealth
 + Level 2.0 Spellcasting
 + Level 2.6 Hexes


You had 4 spell levels left.
You knew the following spells:

 Your Spells              Type           Power        Failure   Level  Hunger
a - Corona                Hex            ###....      1%          1    #......

Your spell library contained the following spells:

 Spells                   Type           Power        Failure   Level  Hunger
 Ensorcelled Hibernation  Hex/Ice        ##....       2%          2    ###....
 Confuse                  Hex            ###.....     2%          3    ###....
 Tukima's Dance           Hex            ###.....     2%          3    ###....
 Dazzling Spray           Conj/Hex       ##....       4%          3    ###....


Dungeon Overview and Level Annotations

Branches:
Dungeon (1/15)

Altars:


Innate Abilities, Weirdness & Mutations

Your body is rotting away.
You thrive on raw meat.
You are immune to poison.
You have sharp fingernails.
You are carnivorous and can eat meat at any time.
Your flesh is cold resistant. (rC+)
You are immune to negative energy. (rN+++)
You do not regenerate when monsters are visible.
You are immune to unholy pain and torment.
You can survive without breathing.


Message History

A bat comes into view.
You barely miss the hobgoblin. The hobgoblin hits you.
You closely miss the hobgoblin. The hobgoblin hits you.
You completely miss the hobgoblin. The hobgoblin hits you.
You hit the hobgoblin but do no damage. The hobgoblin hits you.
You are too injured to fight recklessly!
You are too injured to fight recklessly!
You are too injured to fight recklessly!
You closely miss the hobgoblin. The hobgoblin hits you.
* * * LOW HITPOINT WARNING * * *
You closely miss the hobgoblin.
The hobgoblin hits you but does no damage.
It was a potion of brilliance.
You feel clever all of a sudden. The hobgoblin hits you.
* * * LOW HITPOINT WARNING * * *
It was a potion of might.
You feel very mighty all of a sudden. The hobgoblin hits you.
You die...

.. .# ... #.# .#
... ##.##.##
#.###...#.. #
##.......##..
#.........[..
#.g....# #@.$#
##.#### # #..).#
#. ####.########
#.. #.........
####.####.########
........#)#
..........#
#.#.##.#.#


You could see a hobgoblin.

Vanquished Creatures
  An ooze (D:1)
  A bat (D:1)
  A goblin (D:1)
  2 hobgoblins (D:1)
  4 jackals (D:1)
  3 rats (D:1)
12 creatures vanquished.

Notes
Turn   | Place    | Note
-------+----------+-------------------------------------------
     0 | D:1      | Borgoz the Ghoul Enchanter began the quest for the Orb.
     0 | D:1      | Reached XP level 1. HP: 14/14 MP: 2/2
    93 | D:1      | Reached XP level 2. HP: 6/20 MP: 3/3
   334 | D:1      | Reached skill level 1 in Short Blades
   364 | D:1      | Slain by a hobgoblin

Skill      XL: |  1  2 |
---------------+-------+-----
Spellcasting   | 2 |  2.0
Short Blades   | 1 |  1.0
Fighting       | |  0.1
Dodging        | |  1.9
Stealth        | |  3.7
Hexes          | |  2.6

Action                   || total
-------------------------++-------
Melee: Dagger            ||    60
  Use: Scroll            ||     1
       Potion            ||     2
  Eat: Chunk             ||     6
Armor: Robe              ||    13
Dodge: Dodged            ||    44
